 Dungeon Crawl Stone Soup version 0.30-a0-1161-g0704695555 (webtiles) character file.

Game seed: 7541239246617708344

2487 HoaS the Skirmisher (level 9, -18/61 HPs)
             Began as a Formicid Hunter on Apr 25, 2023.
             Was an Initiate of Gozag.
             Killed from afar by an acid dragon (22 damage)
             ... with a splash of acid
             ... on level 8 of the Dungeon on Apr 28, 2023.
             The game lasted 00:14:04 (6521 turns).

HoaS the Skirmisher (Formicid Hunter)               Turns: 6521, Time: 00:14:04

Health: -18/61     AC:  6    Str: 16    XL:     9   Next: 81%
Magic:  9/9        EV: 12    Int:  9    God:    Gozag
Gold:   645        SH:  0    Dex: 23    Spells: 8/8 levels left

rFire   + . .        a - +1 shortbow
rCold   . . .        (no shield)
rNeg    . . .        l - +2 animal skin
rPois   .            (helmet unavailable)
rElec   .            d - +0 cloak of Iharemia {Dex+2 SInv}
rCorr   .            q - +0 pair of gloves
SInv    +            (no boots)
Will    .....        (no amulet)
Stlth   ++           k - ring of protection from fire
HPRegen 0.30/turn    (no ring)
MPRegen 0.11/turn

%: no passive effects
@: no status effects
A: permanent stasis, dig shafts and tunnels, antennae 3, four strong arms
a: Dig, Shaft Self, Renounce Religion, Potion Petition, Call Merchant, Bribe
Branch


You were on level 8 of the Dungeon.
You worshipped Gozag.
Gozag was pleased with you.
You visited 2 branches of the dungeon, and saw 9 of its levels.

You collected 713 gold pieces.
You paid 68 gold pieces to Gozag.

Inventory:

Hand Weapons
 a - a +1 shortbow (weapon)
Missiles
 m - a throwing net
Armour
 d - the +0 cloak of Iharemia (worn) {Dex+2 SInv}
   (You found it on level 2 of the Dungeon)

   Dex:       It affects your dexterity (+2).
   SInv:      It lets you see invisible.
 l - a +2 animal skin (worn)
 q - a +0 pair of gloves (worn)
Jewellery
 k - a ring of protection from fire (left hand)
Wands
 n - a wand of iceblast (7)
 t - a wand of acid (15)
Scrolls
 b - 2 scrolls of immolation
 c - 2 scrolls of summoning
Potions
 e - 2 potions of attraction
 f - 3 potions of flight
 g - 2 potions of mutation {unknown}
 h - a potion of lignification {unknown}
 i - 2 potions of magic {unknown}
 j - 3 potions of curing
 o - 2 potions of haste {unknown}
 p - a potion of heal wounds {unknown}
 r - 2 potions of berserk rage {unknown}
 s - a potion of might {unknown}


   Skills:
 - Level 2.1 Fighting
 + Level 13.1 Ranged Weapons
 - Level 1.7 Dodging
 - Level 1.2 Stealth


You had 8 spell levels left.
You didn't know any spells.
Your spell library contained the following spells:

 Spells                   Type           Power      Damage    Failure   Level
 Summon Small Mammal      Summ           0%         N/A       38%         1
 Sublimation of Blood     Necr           0%         N/A       52%         2
 Call Canine Familiar     Summ           0%         N/A       77%         3
 Summon Guardian Golem    Hex/Summ       0%         N/A       77%         3
 Petrify                  Tmut/Erth      0%         N/A       99%         4
 Irradiate                Conj/Tmut      0%         3d11      100%        5


Dungeon Overview and Level Annotations

Branches:
Dungeon (8/15)             Temple (1/1) D:4
   Lair: D:8-11

Altars:
Ashenzari
Cheibriados
Dithmenos
Elyvilon
Gozag
Hepliaklqana
Kikubaaqudgha
Makhleb
Nemelex Xobeh
Okawaru
Qazlal
Ru
Trog
Uskayaw
Vehumet
Wu Jian
Xom
Yredelemnul
Zin
The Shining One

Shops:
D:5 :   D:7 =

Annotations:
D:5 3 runed translucent doors, 2 transporters, Takeo's ghost, amateur KoBr


Innate Abilities, Weirdness & Mutations

You cannot be hasted, slowed, berserked, paralysed or teleported.
You can dig through walls and to a lower floor.
You have a pair of large antennae on your head. (SInv)
Your four strong arms can wield two-handed weapons with a shield.


Message History

You shoot an arrow. The arrow barely misses the orc.
You shoot an arrow. The arrow hits the orc!
You kill the orc!
An acid dragon comes into view.
You shoot an arrow. The arrow hits the acid dragon!
The acid dragon is moderately wounded.
You shoot an arrow.
The arrow hits the acid dragon but does no damage.
The acid dragon is moderately wounded.
The acid dragon bites you but does no damage.
The acid dragon completely misses you.
You shoot an arrow. The arrow hits the acid dragon.
The acid dragon is heavily wounded.
The acid dragon bites you! The acid dragon barely misses you.
You shoot an arrow.
The arrow closely misses the acid dragon.
The acid dragon bites you! The acid dragon claws you.
You are too injured to fight recklessly!
You are too injured to fight recklessly!
You shoot an arrow.
The arrow barely misses the acid dragon.
The acid dragon bites you!
* * * LOW HITPOINT WARNING * * *
The acid dragon barely misses you.
You feel better. The acid dragon spits acid at you.
The splash of acid hits you!
* * * LOW HITPOINT WARNING * * *
You shoot an arrow. The arrow hits the acid dragon.
The acid dragon is heavily wounded.
You shoot an arrow. The arrow hits the acid dragon!
The acid dragon is almost dead.
The acid dragon barely misses you.
The acid dragon claws you but does no damage.
You shoot an arrow.
The arrow closely misses the acid dragon.
The acid dragon spits acid at you. The splash of acid hits you!!
You die...
Your body crumbles into a pile of gold.

...........##
.....<......#
..........###
........###
.#.......##
##....#..##
#.....#...#####
....#..##......##
...##..$.@......#
.?. #.[#D##....##
.......##$######
.......$##
......o. .......#
....... .#....
#...


You could see an acid dragon (catching breath).

Vanquished Creatures
  Grinder (D:6)
  A steam dragon (D:8)
  Menkaure (D:7)
  Edmund (D:6)
  2 water moccasins
  Duvessa (D:4)
  3 ice beasts
  5 ogres
  A phantom (D:7)
  Blork the orc (D:6)
  2 bullfrogs
  A scorpion (D:6)
  Dowan (D:4)
  2 howler monkeys (D:7)
  The ghost of caveywoolpert the Digger, a weakling GrEE (D:3)
  2 hounds
  A jelly (D:6)
  A gnoll bouda (D:6)
  An iguana (D:7)
  A sleepcap (D:6)
  An orc wizard (D:8)
  Robin (D:2)
  4 gnolls
  A river rat (D:3)
  4 adders
  3 ufetubi
  3 worms
  3 dart slugs
  5 orcs
  11 bats
  10 endoplasms
  6 giant cockroaches
  15 goblins
  5 hobgoblins
  7 quokkas
  11 ball pythons
  4 frilled lizards (D:1)
  7 kobolds
  14 rats
145 creatures vanquished.

Vanquished Creatures (others)
  An orc (D:8)
  2 plants (D:4)
3 creatures vanquished.

Grand Total: 148 creatures vanquished

Notes
Turn   | Place    | Note
-------+----------+-------------------------------------------
     0 | D:1      | HoaS the Formicid Hunter began the quest for the Orb.
     0 | D:1      | Reached XP level 1. HP: 16/16 MP: 1/1
   229 | D:1      | Reached XP level 2. HP: 22/22 MP: 2/2
   366 | D:1      | Upgraded the game from 0.30-a0-1160-g6e42c06551 to
                  | 0.30-a0-1161-g0704695555
   369 | D:1      | Reached skill level 5 in Ranged Weapons
   369 | D:1      | Reached XP level 3. HP: 18/27 MP: 3/3
   821 | D:2      | Identified the +0 cloak of Iharemia {Dex+2 SInv}
   844 | D:2      | Reached XP level 4. HP: 33/33 MP: 4/4
   965 | D:2      | Found a sacrificial altar of Ru.
  1399 | D:3      | Identified the +2 dagger of the Kidney {heavy, rElec rF+
                  | Will+++ Int-2}
  1483 | D:3      | Found a stormy altar of Qazlal.
  1509 | D:3      | Noticed Robin
  1524 | D:3      | Reached XP level 5. HP: 38/38 MP: 5/5
  1532 | D:2      | Killed Robin
  1533 | D:2      | Reached skill level 6 in Ranged Weapons
  1621 | D:3      | Found a runed translucent door.
  1643 | D:3      | Found a runed translucent door.
  1647 | D:3      | Noticed caveywoolpert's ghost (weakling GrEE)
  1647 | D:3      | Noticed a bullfrog
  1712 | D:3      | Found a radiant altar of Vehumet.
  1889 | D:3      | Killed a bullfrog
  1890 | D:3      | Reached XP level 6. HP: 29/44 MP: 6/6
  1903 | D:3      | Reached skill level 7 in Ranged Weapons
  1946 | D:3      | Killed caveywoolpert's ghost
  2116 | D:4      | Noticed an ogre
  2162 | D:4      | Killed an ogre
  2370 | D:4      | Found a staircase to the Ecumenical Temple.
  2379 | Temple   | Entered the Ecumenical Temple
  2379 | Temple   | Found a transporter.
  2379 | Temple   | Found a transporter.
  2381 | Temple   | Found a transporter.
  2381 | Temple   | Found a transporter.
  2404 | Temple   | Became a worshipper of Gozag Ym Sagoz the Greedy
  2822 | D:4      | Reached XP level 7. HP: 50/50 MP: 7/7
  2841 | D:4      | Noticed Duvessa
  2842 | D:4      | Noticed Dowan
  2858 | D:4      | Killed Duvessa
  2859 | D:4      | Reached skill level 8 in Ranged Weapons
  2866 | D:4      | Killed Dowan
  3125 | D:4      | Reached skill level 9 in Ranged Weapons
  3322 | D:4      | Reached XP level 8. HP: 56/56 MP: 8/8
  3486 | D:5      | Entered Level 5 of the Dungeon
  3500 | D:5      | Found a hide-covered altar of Uskayaw.
  3546 | D:5      | Found a runed translucent gate.
  3546 | D:5      | Found a runed translucent gate.
  3550 | D:5      | Found a runed translucent gate.
  3551 | D:5      | Noticed Takeo's ghost (amateur KoBr)
  3563 | D:5      | Found a glowing golden altar of the Shining One.
  3566 | D:5      | Noticed a wraith
  3596 | D:5      | Found Monujat's Book Emporium.
  3703 | D:5      | Identified the +0 robe "Wascherph" {-Cast Regen+ rCorr
                  | Dex+4}
  3714 | D:5      | Found a broken altar of Ashenzari.
  3743 | D:5      | Reached skill level 10 in Ranged Weapons
  3921 | D:5      | Found a transporter.
  3925 | D:5      | Noticed a troll
  3927 | D:5      | Found a transporter.
  4009 | D:5      | Found a hazy altar of Hepliaklqana.
  4504 | D:6      | Reached skill level 11 in Ranged Weapons
  4637 | D:6      | Reached XP level 9. HP: 39/61 MP: 9/9
  4750 | D:6      | Noticed Grinder
  4771 | D:6      | Killed Grinder
  4794 | D:6      | Noticed Blork the orc
  4821 | D:5      | Found a glowing silver altar of Zin.
  5005 | D:5      | Found a snail-covered altar of Cheibriados.
  5027 | D:6      | Killed Blork the orc
  5031 | D:6      | Reached skill level 12 in Ranged Weapons
  5063 | D:6      | Noticed Edmund
  5085 | D:6      | Killed Edmund
  5531 | D:7      | Noticed a moth of wrath
  5534 | D:7      | Found a bloodstained altar of Trog.
  5578 | D:7      | Identified the +6 dagger of Benevolence {spect, rElec rN+
                  | Dex+2}
  5630 | D:7      | Noticed Menkaure
  5641 | D:7      | Killed Menkaure
  5753 | D:7      | Found Aman's Jewellery Shop.
  6507 | D:8      | Reached skill level 13 in Ranged Weapons
  6521 | D:8      | Killed from afar by an acid dragon

Illustrated notes

Levels and vault maps discovered:
D:1:      sevenhm_arrival_forest_fort_large_4, layout_loops_ring, minivault_19,
          minmay_misc_feat_ornament
D:2:      layout_rooms, basic_altar
D:3:      layout_rooms, grunt_qazlal_sundering, vehumet_crystals,
          ebering_ghost_sewer_f, minmay_guardbox, uniq_robin
D:4:      layout_basic, minmay_temple_entry_gardened_gates, nrook_loot_triangle,
          kennysheep_generic_room_8, uniq_duvessa
D:5:      layout_cave_pools, nicolae_ashenzari_panopticon,
          gammafunk_temple_overflow_arena, mainiacjoe_overflow_brackets,
          nicolae_overflow_hidden_temple, gammafunk_ghost_nasty_kobolds,
          serial_shops, shop, water_boxes_lemuel
D:6:      layout_rooms, st_stairs_2, uniq_blork_the_orc, uniq_grinder,
          uniq_edmund
D:7:      layout_basic, tgw_trog, serial_shops, nicolae_shop_advertising_works
          [nicolae_subvault_shop_adworks], minmay_parallelograms, uniq_menkaure
D:8:      minmay_opposing_rooms, layout_cave_pools,
          nicolae_sif_muna_little_library, kennysheep_generic_room_14
Temple:   hellmonk_temple_divided_pantheon

Skill      XL: |  1  2  3  4  5  6  7  8  9 |
---------------+----------------------------+-----
Ranged Weapons | 5 6 7 9 11 13 | 13.1
Fighting       | |  2.1
Dodging        | |  1.7
Stealth        | |  1.2

Action                     |  1- 3 |  4- 6 |  7- 9 || total
---------------------------+-------+-------+-------++-------
   Fire: Shortbow          |    59 |   168 |   266 ||   493
    Use: Scroll            |     4 |     4 |     3 ||    11
         Potion            |       |       |     2 ||     2
 Armour: Leather armour    |     2 |     6 |       ||     8
         Animal skin       |       |    11 |    34 ||    45
  Dodge: Dodged            |     9 |    47 |    52 ||   108

Table legend: (Time is in decaauts)
 A = Elapsed time spent in this place.
 B = Non-inter-level travel time spent in this place.
 C = Inter-level travel time spent in this place.
 D = Time resting spent in this place.
 E = Time spent auto-exploring this place.
 F = Levels seen in this place.
 G = Mean time per level.
                   A        B        C        D        E       F      G
               +--------+--------+--------+--------+--------+-----+--------+
         Total |   6565 |   6317 |    248 |   1218 |   3909 |   9 |  729.4 |
       Dungeon |   6521 |   6273 |    248 |   1218 |   3902 |   8 |  815.1 |
        Temple |     44 |     44 |      0 |      0 |      7 |   1 |   44.0 |
               +--------+--------+--------+--------+--------+-----+--------+

Top non-repeatable levels by time:
     D:4: 1392 daAuts
     D:5: 1190 daAuts
     D:7: 998 daAuts
     D:3: 838 daAuts
     D:1: 773 daAuts
     D:6: 755 daAuts
     D:2: 499 daAuts
     D:8: 73 daAuts
  Temple: 44 daAuts
